 Dungeon Crawl Stone Soup version 0.20-a0-1116-gaa52201 (webtiles) character file.

803 Monsterracer the Geomancer (level 7, -2/40 HPs)
             Began as a Gargoyle Earth Elementalist on May 8, 2017.
             Was an Initiate of Ashenzari.
             Shot with an arrow by a centaur (8 damage)
             ... on level 5 of the Dungeon.
             The game lasted 00:14:07 (5894 turns).

Monsterracer the Geomancer (GrEE)                   Turns: 5894, Time: 00:14:08

Health: -2/40      AC:  6    Str: 12    XL:     7   Next: 91%
Magic:  10/13      EV: 12    Int: 17    God:    Ashenzari [......]
Gold:   255        SH:  0    Dex: 10    Spells: 4/14 levels left

rFire    . . .     SeeInvis .   t - +1 flail (venom) (curse)
rCold    . . .     Gourm    .   (no shield)
rNeg     + . .     Faith    .   c - +0 robe
rPois    ∞         Spirit   .   (no helmet)
rElec    +         Reflect  .   (no cloak)
rCorr    .         Harm     .   (no gloves)
MR       .....                  (no boots)
Stlth    +.........             (no amulet)
Regen    0.2/turn               f - ring of loudness (curse)
MPRegen  0.2/turn               (no ring)

@: no status effects
A: negative energy resistance 1, electricity resistance, unbreathing,
petrification resistance, rot immunity, AC +4
a: Curse Item, Renounce Religion


You were on level 5 of the Dungeon.
You worshipped Ashenzari.
Ashenzari was noncommittal.
You were hungry.

You visited 1 branch of the dungeon, and saw 5 of its levels.

You collected 255 gold pieces.

Inventory:

Hand Weapons
 t - a cursed +1 flail of venom (weapon)
Missiles
 b - 94 stones (quivered)
Armour
 c - a +0 robe (worn)
 l - a cursed +0 leather armour
Jewellery
 f - a cursed ring of loudness (left hand)
Wands
 j - a wand of polymorph (19/24)
 o - a wand of digging (9/24)
 u - a wand of iceblast (14/15)
 v - a wand of confusion (24/48)
Scrolls
 g - 4 scrolls of identify
 h - a scroll of amnesia
 k - 4 scrolls of remove curse
 m - 2 scrolls of magic mapping
 p - a scroll of immolation
Potions
 e - a potion of might
 i - a potion of ambrosia
Books
 q - a book of Cantrips

   Spells                             Type                      Level
   a - Confusing Touch                Hexes                        1
   b - Animate Skeleton               Necromancy                   1
   c - Summon Small Mammal            Summoning                    1
   d - Apportation                    Translocation                1
Comestibles
 a - 5 meat rations
 d - 3 bread rations
 s - a royal jelly


   Skills:
 + Level 2.5 Fighting
 + Level 2.1 Maces & Flails
 - Level 2.0 Dodging
 - Level 2.1 Stealth
 + Level 4.1 Spellcasting
 * Level 2.1 Conjurations
 - Level 0.7 Transmutations
 * Level 8.1 Earth Magic


You had 4 spell levels left.
You knew the following spells:

 Your Spells              Type           Power        Failure   Level  Hunger
b - Passwall              Tmut/Erth      ###.......   3%          2    ##.....
c - Stone Arrow           Conj/Erth      ###...       5%          3    ###....
d - Lee's Rapid Deconstr  Erth           ####......   16%         5    ######.


Dungeon Overview and Level Annotations

Branches:
Dungeon (5/15)
 Temple: D:4-7

Altars:
Ashenzari
Fedhas
Nemelex Xobeh

Annotations:
D:4 exclusion: oklob plant
D:5 Shinoi's ghost, novice HuFi


Innate Abilities, Weirdness & Mutations

You are resistant to torment.
Your stone body is resilient. (AC +4)
You are immune to poison.
You resist negative energy. (rN+)
You are resistant to electric shocks. (rElec)
You can survive without breathing.
You are immune to petrification.
You are immune to rotting.


Message History

You kill the quokka!
A centaur comes into view.
The centaur shouts!
The centaur wields a shortbow.
The centaur shoots an arrow.
The arrow hits you.
You see here an arrow.
The centaur shoots an arrow.
The arrow barely misses you.
You see here an arrow.
The centaur shoots an arrow.
The arrow hits you!
You see here an arrow.
The centaur shoots an arrow.
The arrow hits you.
You see here an arrow.
The centaur shoots an arrow.
The arrow barely misses you.
You see here an arrow.
The centaur shoots an arrow.
The arrow hits you!
You see here an arrow.
The centaur shoots an arrow.
The arrow hits you!
* * * LOW HITPOINT WARNING * * *
You see here an arrow.
The centaur shoots an arrow.
The arrow hits you!
You die...

#(# #c# #(#
#.# #(# #.#
#(# #.# #@#
####.######
#.........#
#.##.####.#
#######
###.##.# #.#
#.....#
#....#.# #.#
#.....##
#.#..#.#
#.####.......
#.#..#.#
#....+......(
#.#..#.#
#..###......#


You could see a centaur.

Vanquished Creatures
  An ogre (D:4)
  A centaur (D:5)
  A bullfrog (D:5)
  A scorpion (D:4)
  A howler monkey (D:5)
  2 jellies
  3 orc priests
  A bullfrog skeleton (D:5)
  2 iguanas (D:4)
  2 orc wizards (D:3)
  3 worker ants (D:4)
  5 adders
  An ooze (D:1)
  A dart slug (D:5)
  6 leopard geckos
  9 orcs
  5 bats
  2 giant cockroaches
  4 goblins
  8 hobgoblins
  A jackal (D:4)
  4 quokkas
  3 ball pythons
  5 frilled lizards
  A jackal skeleton (D:4)
  4 kobolds
  A leopard gecko zombie (D:5)
  6 rats
84 creatures vanquished.

Vanquished Creatures (others)
  2 fungi (D:4)
2 creatures vanquished.

Grand Total: 86 creatures vanquished

Notes
Turn   | Place    | Note
-------+----------+-------------------------------------------
     0 | D:1      | Monsterracer the Gargoyle Earth Elementalist began the quest for the Orb.
     0 | D:1      | Reached XP level 1. HP: 10/10 MP: 3/3
   273 | D:1      | Reached skill level 4 in Earth Magic
   273 | D:1      | Reached XP level 2. HP: 15/15 MP: 5/5
   277 | D:1      | Learned a level 2 spell: Passwall
   802 | D:2      | Reached XP level 3. HP: 19/19 MP: 3/6
   807 | D:2      | Learned a level 3 spell: Stone Arrow
  1149 | D:2      | Reached skill level 5 in Earth Magic
  1239 | D:2      | Reached XP level 4. HP: 24/24 MP: 6/8
  1716 | D:3      | Found a sparkling altar of Nemelex Xobeh.
  2016 | D:3      | Reached skill level 6 in Earth Magic
  2016 | D:3      | Reached XP level 5. HP: 23/28 MP: 1/9
  2124 | D:3      | Found a shattered altar of Ashenzari.
  2141 | D:3      | Became a worshipper of Ashenzari the Shackled
  2495 | D:4      | Reached XP level 6. HP: 32/32 MP: 0/11
  2506 | D:4      | Learned a level 5 spell: Lee's Rapid Deconstruction
  2604 | D:4      | Reached skill level 7 in Earth Magic
  3189 | D:4      | Found a blossoming altar of Fedhas.
  3202 | D:4      | Noticed an oklob plant
  3359 | D:4      | Reached skill level 1 in Fighting
  3359 | D:4      | Reached skill level 1 in Maces & Flails
  3359 | D:4      | Reached XP level 7. HP: 11/38 MP: 0/12
  4448 | D:5      | Entered Level 5 of the Dungeon
  4587 | D:5      | Noticed Shinoi's ghost (novice HuFi)
  5002 | D:5      | Reached skill level 1 in Conjurations
  5192 | D:5      | Reached skill level 8 in Earth Magic
  5894 | D:5      | Shot with an arrow by a centaur

Vault maps used:
D:1:      enne_arrival_octagon_isle
D:3:      lemuel_crystal_altar, cheibrodos_ashenzari_chains
D:4:      tgw_fedhas, first_bread

Skill      XL: |  1  2  3  4  5  6  7 |
---------------+----------------------+-----
Earth Magic    | 4 5 6 7 8 |  8.1
Spellcasting   | 3 4 |  4.1
Fighting       | 1 2 |  2.5
Maces & Flails | 1 2 |  2.1
Dodging        | 2 |  2.0
Conjurations   | 2 |  2.1
Stealth        | |  2.1
Transmutations | |  0.7

Action                   |  1- 3 |  4- 6 |  7- 9 || total
-------------------------+-------+-------+-------++-------
Melee: Unarmed           |    12 |       |       ||    12
       Dagger            |    23 |       |       ||    23
       Spear             |     8 |    17 |       ||    25
       Flail             |       |    53 |    40 ||    93
 Cast: Sandblast         |    24 |    21 |     1 ||    46
       Stone Arrow       |     1 |    22 |    25 ||    48
Invok: Curse Item        |       |     1 |       ||     1
  Use: Potion            |     3 |     2 |       ||     5
       Scroll            |       |     3 |     8 ||    11
 Stab: Distracted        |     1 |       |       ||     1
       Sleeping          |     1 |       |       ||     1
  Eat: Chunk             |     1 |     8 |     7 ||    16
       Fruit             |       |       |     3 ||     3
       Royal jelly       |       |       |     1 ||     1
Armor: Robe              |     6 |    31 |    14 ||    51
Dodge: Dodged            |    25 |    55 |    46 ||   126
